 Dungeon Crawl Stone Soup version 0.23.2-33-g5129a83184 (webtiles) character file.

Game seed: 10463929707498282478

55 Atelerd the Conjurer (level 3, 0/21 HPs)
             Began as an Octopode Conjurer on July 11, 2019.
             Slain by a goblin
             ... wielding a cursed -1 dagger
              (1 damage)
             ... on level 2 of the Dungeon.
             The game lasted 00:02:44 (1117 turns).

Atelerd the Conjurer (Octopode Conjurer)            Turns: 1117, Time: 00:02:45

Health: 0/21       AC:  1    Str:  7    XL:     3   Next: 93%
Magic:  0/7        EV: 13    Int: 18    God:
Gold:   73         SH:  0    Dex: 12    Spells: 7/8 levels left

rFire    . . .     SeeInvis .   c - +0 dagger
rCold    . . .     Gourm    .   (no shield)
rNeg     . . .     Faith    .   (helmet restricted)
rPois    .         Spirit   .   (no amulet)
rElec    .         Reflect  .   (no ring)
rCorr    .         Harm     .   (no ring)
MR       .....                  (no ring)
Stlth    +++.......             (no ring)
HPRegen  0.07/turn              (no ring)
MPRegen  0.10/turn              (no ring)
                                (no ring)
                                (no ring)

@: no status effects
A: almost no armour, stealthy swim, amphibious, 8 rings, constrict 8, camouflage
1, gelatinous body 1
a: no special abilities


You were on level 2 of the Dungeon.
You were hungry.

You visited 1 branch of the dungeon, and saw 2 of its levels.

You collected 73 gold pieces.

Inventory:

Hand Weapons
 c - a +0 dagger (weapon)
Scrolls
 a - a scroll of random uselessness {unknown}
 d - 2 scrolls of blinking {unknown}
 f - a scroll of enchant weapon
 h - a scroll of noise
Potions
 g - 3 potions of brilliance
 i - a potion of haste
 j - a potion of lignification {unknown}
Comestibles
 b - 4 rations


   Skills:
 - Level 2.0 Dodging
 - Level 2.6 Stealth
 * Level 3.3 Spellcasting
 + Level 4.5 Conjurations


You had 7 spell levels left.
You knew the following spells:

 Your Spells              Type           Power        Failure   Level  Hunger
a - Magic Dart            Conj           ###.         2%          1    None

Your spell library contained the following spells:

 Spells                   Type           Power        Failure   Level  Hunger
 Searing Ray              Conj           ###...       3%          2    ##.....
 Dazzling Spray           Conj/Hex       ##....       19%         3    ###....
 Iskenderun's Mystic Bla  Conj           ###.....     24%         4    ####...
 Force Lance              Conj/Tloc      ##......     52%         4    ####...
 Fulminant Prism          Conj/Hex       ##........   52%         4    ####...


Dungeon Overview and Level Annotations

Branches:
Dungeon (2/15)

Altars:


Innate Abilities, Weirdness & Mutations

You cannot wear most types of armour.
You are very stealthy in the water. (Stealth+)
You are amphibious.
You can wear up to eight rings at the same time.
You can use your tentacles to constrict eight enemies at once.
Your skin changes colour to match your surroundings (Stealth+).
Your rubbery body absorbs attacks. (AC +1, EV +1)


Message History

Casting: Magic Dart (safe; 2% risk of failure)
Confirm with . or Enter, or press ? or * to list all spells.
Aiming: Magic Dart (safe; 2% risk of failure)
Press: ? - help, Shift-Dir - straight line, f/p - ooze
Aim: an ooze (heavily wounded)
The magic dart hits the ooze but does no damage.
The ooze is heavily wounded.
The ooze closely misses you.
Casting: Magic Dart (safe; 2% risk of failure)
Confirm with . or Enter, or press ? or * to list all spells.
Aiming: Magic Dart (safe; 2% risk of failure)
Press: ? - help, Shift-Dir - straight line, f/p - ooze
Aim: an ooze (heavily wounded)
The magic dart hits the ooze.
The ooze is severely wounded.
A bat comes into view.
The ooze hits you.
* * * LOW HITPOINT WARNING * * *
The goblin hits you with a cursed -1 dagger.
You die...

..b ... #.# #..
###.# #<#.#
#.#g# #.#@#
#.#J# #.#.#
#.#.# ## #.#.#
....##.#.#######
#.............#
#.####........#
#........#


You could see an ooze, a goblin and a bat.

Vanquished Creatures
  A gnoll (D:1)
  A worm (D:2)
  A dart slug (D:1)
  A leopard gecko (D:1)
  3 bats (D:1)
  4 goblins (D:1)
  6 hobgoblins
  6 jackals (D:1)
  4 kobolds (D:1)
  A ball python (D:1)
  5 frilled lizards (D:1)
  5 rats (D:1)
38 creatures vanquished.

Notes
Turn   | Place    | Note
-------+----------+-------------------------------------------
     0 | D:1      | Atelerd the Octopode Conjurer began the quest for the Orb.
     0 | D:1      | Reached XP level 1. HP: 11/11 MP: 3/3
   228 | D:1      | Reached XP level 2. HP: 17/17 MP: 5/5
   543 | D:1      | Reached XP level 3. HP: 16/21 MP: 0/7
  1117 | D:2      | HP: 1/21 [ooze (5)]
  1117 | D:2      | Slain by a goblin

Skill      XL: |  1  2  3 |
---------------+----------+-----
Spellcasting   | 3 |  3.3
Dodging        | |  2.0
Stealth        | |  2.6
Conjurations   | |  4.5

Action                   || total
-------------------------++-------
Melee: Unarmed           ||     7
       Constrict         ||    21
       Tentacles         ||    12
       Dagger            ||    63
 Cast: Magic Dart        ||    39
  Use: Scroll            ||     4
 Stab: Sleeping          ||     4
Armor: Skin              ||    12
Dodge: Dodged            ||    64
